 Dungeon Crawl Stone Soup version 0.22-a0-231-g1b571ea (webtiles) character file.

98 Azzok the Bolt Thrower (level 5, 14/30 HPs)
             Began as a Kobold Arcane Marksman on Feb 20, 2018.
             Quit the game on level 3 of the Dungeon.
             The game lasted 00:04:22 (2293 turns).

Azzok the Bolt Thrower (Kobold Arcane Marksman)     Turns: 2293, Time: 00:04:23

Health: 14/30      AC: 11    Str:  8    XL:     5   Next: 0%
Magic:  4/6        EV:  1    Int: 15    God:
Gold:   62         SH:  0    Dex: 15    Spells: 3/6 levels left

rFire    . . .     SeeInvis .   a - +0 hand crossbow
rCold    . . .     Gourm    .   (shield restricted)
rNeg     + . .     Faith    .   g - +0 plate armour
rPois    .         Spirit   +   (no helmet)
rElec    .         Reflect  .   o - +0 cloak
rCorr    .         Harm     .   (no gloves)
MR       .....                  (no boots)
Stlth    ..........             l - amulet of guardian spirit
HPRegen  0.10/turn              i - ring of positive energy
MPRegen  0.10/turn              (no ring)

@: no status effects
A: small, carnivore
a: no special abilities


You were on level 3 of the Dungeon.
You were very full.

You visited 1 branch of the dungeon, and saw 3 of its levels.

You collected 62 gold pieces.

Inventory:

Hand Weapons
 a - a +0 hand crossbow (weapon)
 b - a +0 short sword
Armour
 g - a +0 plate armour (worn)
 o - a +0 cloak (worn)
Jewellery
 i - a ring of positive energy (left hand)
 l - an amulet of guardian spirit (around neck)
Scrolls
 e - a scroll of teleportation {unknown}
 j - 2 scrolls of amnesia {unknown}
 m - a scroll of blinking {unknown}
 p - a scroll of random uselessness {unknown}
 q - 2 scrolls of identify {unknown}
Potions
 f - a potion of agility {unknown}
 h - a potion of heal wounds {unknown}
 k - a potion of haste
 n - a potion of curing
Comestibles
 c - 6 rations


   Skills:
 + Level 2.2 Fighting
 * Level 5.0 Crossbows
 - Level 2.5 Dodging
 - Level 1.2 Spellcasting
 - Level 3.0 Hexes


You had 3 spell levels left.
You knew the following spells:

 Your Spells              Type           Power        Failure   Level  Hunger
a - Corona                Hex            ##.....      100%        1    ##.....
b - Slow                  Hex            ##......     100%        2    ###....


Dungeon Overview and Level Annotations

Branches:
Dungeon (3/15)

Altars:

Annotations:
D:3 Gorglomux's ghost, amateur MiWn


Innate Abilities, Weirdness & Mutations

You are small and have problems with some larger weapons.
You are carnivorous and can eat meat at any time.


Message History

[Y]es or [N]o only, please.
Really attack while wielding your +0 hand crossbow? [Y]es or [N]o only, please.
Really attack while wielding your +0 hand crossbow? [Y]es or [N]o only, please.
Really attack while wielding your +0 hand crossbow? [Y]es or [N]o only, please.
Really attack while wielding your +0 hand crossbow? [Y]es or [N]o only, please.
Really attack while wielding your +0 hand crossbow? [Y]es or [N]o only, please.
Really attack while wielding your +0 hand crossbow? [Y]es or [N]o only, please.
Really attack while wielding your +0 hand crossbow? [Y]es or [N]o only, please.
Really attack while wielding your +0 hand crossbow? [Y]es or [N]o only, please.
Really attack while wielding your +0 hand crossbow?
Okay, then.
Are you sure you want to abandon this character and quit the game? (Confirm with "yes".)

▒▒▒▒▒▒▒▒▒▒
▒·····W··▒▒▒
▒·@s((·(▒
▒·▒▒▒·▒·▒ ▒·
·· ·· ·▒ ▒▒▒
▒


You could see Gorglomux's ghost and a giant cockroach.

Vanquished Creatures
  3 gnolls (D:2)
  2 adders (D:2)
  An ooze (D:2)
  A worm (D:2)
  A dart slug (D:2)
  A leopard gecko (D:2)
  6 bats (D:1)
  A giant cockroach (D:1)
  8 goblins
  5 hobgoblins
  3 kobolds
  4 frilled lizards
  4 rats
40 creatures vanquished.

Notes
Turn   | Place    | Note
-------+----------+-------------------------------------------
     0 | D:1      | Azzok the Kobold Arcane Marksman began the quest for the Orb.
     0 | D:1      | Reached XP level 1. HP: 12/12 MP: 2/2
    84 | D:1      | Reached XP level 2. HP: 15/16 MP: 3/3
   116 | D:1      | Reached skill level 3 in Crossbows
   269 | D:1      | Learned a level 2 spell: Slow
   484 | D:1      | Reached XP level 3. HP: 20/20 MP: 4/4
  1119 | D:2      | Reached skill level 4 in Crossbows
  1469 | D:2      | Reached XP level 4. HP: 22/26 MP: 5/5
  1993 | D:2      | Reached skill level 5 in Crossbows
  2245 | D:2      | Reached XP level 5. HP: 28/30 MP: 6/6
  2276 | D:3      | Noticed Gorglomux's ghost (amateur MiWn)
  2293 | D:3      | Quit the game

Vault maps used:
D:1:      lightli_arrival_quake, minmay_misc_feat_square, minmay_misc_feat_chi
D:2:      first_ration
D:3:      nicolae_gozag_seed_capital, uniq_jessica, uniq_robin, uniq_ijyb

Skill      XL: |  1  2  3  4 |
---------------+-------------+-----
Crossbows      | 3 4 5 |  5.0
Fighting       | 2 |  2.2
Dodging        | |  2.5
Spellcasting   | |  1.2
Hexes          | |  3.0

Action                   |  1- 3 |  4- 6 || total
-------------------------+-------+-------++-------
Melee: Short sword       |    64 |    74 ||   138
 Fire: Hand crossbow     |    53 |    21 ||    74
  Use: Potion            |     2 |       ||     2
  Eat: Chunk             |    10 |     2 ||    12
Armor: Robe              |    10 |       ||    10
       Plate armour      |    59 |    81 ||   140
Dodge: Dodged            |    34 |     3 ||    37

Table legend:
 A = Spawn XP
 B = Non-spawn XP
 C = Spawn XP percentage of total XP
 D = Spawn monster count
 E = Non-spawn monster count
 F = Spawn count percentage of total count
 G = Total turns spent on level
                    A         B        C        D         E        F      G
               +---------+---------+-------+---------+---------+-------+---------
         Total |       0 |     140 |   0.0 |       0 |      40 |   0.0 |  2293
               +---------+---------+-------+---------+---------+-------+---------
           D:1 |       0 |      39 |   0.0 |       0 |      23 |   0.0 |   974
           D:2 |       0 |     100 |   0.0 |       0 |      16 |   0.0 |  1300
           D:3 |       0 |       1 |   0.0 |       0 |       1 |   0.0 |    19
               +---------+---------+-------+---------+---------+-------+---------
